 Dungeon Crawl Stone Soup version 0.29.0-13-gc9e81de378 (webtiles) character file.

Game seed: 11896553242624557993

81208 melvinkitnick the Destroyer (level 15, -19/122 HPs)
             Began as a Demonspawn Earth Elementalist on Sept 10, 2022.
             Was an Initiate of Gozag.
             Demolished by a reaper
             ... wielding a +1 scythe of flaming
              (29 damage)
             ... on level 2 of the Abyss.
             The game lasted 01:31:34 (27345 turns).

melvinkitnick the Destroyer (DsEE)                 Turns: 27345, Time: 01:31:35

Health: -19/122    AC: 13    Str:  8    XL:     15   Next: 26%
Magic:  2/27       EV: 13    Int: 26    God:    Gozag
Gold:   5519       SH:  8    Dex: 11    Spells: 14/31 levels left

rFire   + + .      SeeInvis .   D - +9 sling (flame)
rCold   . . .      Faith    .   (no shield)
rNeg    . . .      Spirit   .   d - +2 robe {rC+}
rPois   .          Reflect  .   r - +2 helmet {Int+3}
rElec   .          Harm     .   A - +2 cloak {Stlth+}
rCorr   .          Rampage  .   (no gloves)
Will    +....                   g - +2 pair of boots {Stlth+}
Stlth   ++++......              U - amulet of magic regeneration
HPRegen 0.30/turn               R - ring of fire
MPRegen 0.80/turn               w - ring of protection from fire

@: no status effects
A: large bone plates 3, ignite blood 2, magic regeneration, weakness stinger 2,
[clumsy 2]
a: Renounce Religion, Potion Petition, Call Merchant, Bribe Branch


You were on level 2 of the Abyss.
You worshipped Gozag.
Gozag was greatly pleased with you.
You visited 3 branches of the dungeon, and saw 20 of its levels.
You visited the Abyss 2 times.
You also visited: Bailey and Ice Cave.

You collected 6928 gold pieces.
You paid 1409 gold pieces to Gozag.

Inventory:

Hand Weapons
 t - the +9 war axe of Entrepreneurial Spirit {freeze, rElec rN+ Dex+4}
   (You found it on level 11 of the Dungeon)

   It freezes those it strikes, dealing additional cold damage.
   It can also slow down cold-blooded creatures.
   Dex:       It affects your dexterity (+4).
   rElec:     It insulates you from electricity.
   rN:        It protects you from negative energy.
 D - a +9 sling of flaming (weapon)
Missiles
 k - 2 throwing nets
 y - 3 javelins
 C - 13 curare-tipped darts
Armour
 d - a +2 robe of cold resistance (worn)
 g - a +2 pair of boots of stealth (worn)
 r - a +2 helmet of intelligence (worn)
 A - a +2 cloak of stealth (worn)
 S - a +0 buckler of protection
 Z - a scarf of repulsion
Magical Staves
 x - a staff of fire
 K - a staff of cold
 P - a staff of poison
Jewellery
 h - an amulet of regeneration
 j - a +4 ring of evasion
 u - a ring of wizardry
 w - a ring of protection from fire (right hand)
 E - a ring of poison resistance
 Q - a +4 ring of protection
 R - a ring of fire (left hand)
 U - an amulet of magic regeneration (around neck)
 X - a ring of protection from cold
Wands
 a - a wand of mindburst (5)
 c - a wand of quicksilver (15)
 G - a wand of charming (15)
 I - a wand of roots (8)
 L - a wand of polymorph (13)
Scrolls
 l - a scroll of amnesia
 n - 2 scrolls of blinking
 s - 3 scrolls of teleportation
 J - a scroll of poison
 M - 2 scrolls of fog
 N - 3 scrolls of immolation
 O - 4 scrolls of fear
 T - 2 scrolls of enchant armour
 V - a scroll of magic mapping
Potions
 b - a potion of magic
 e - 2 potions of berserk rage
 f - 6 potions of brilliance
 i - 4 potions of heal wounds
 m - a potion of invisibility
 o - 5 potions of curing
 p - 2 potions of flight
 v - a potion of lignification {unknown}
 z - a potion of cancellation {unknown}
 B - 3 potions of mutation
 F - 5 potions of might
 H - a potion of resistance
 W - a potion of haste
Miscellaneous
 q - a phantom mirror
 Y - a lightning rod (4/4)


   Skills:
 + Level 12.4 Fighting
 + Level 5.1 Dodging
 - Level 1.7 Stealth
 + Level 8.5 Spellcasting
 * Level 12.9 Conjurations
 - Level 0.8 Transmutations
 - Level 12.0 Fire Magic
 - Level 12.0 Earth Magic
 + Level 5.2 Evocations


You had 14 spell levels left.
You knew the following spells:

 Your Spells              Type           Power      Damage    Failure   Level
a - Sandblast             Erth           100%       2d20      1%          1
c - Stone Arrow           Conj/Erth      100%       3d13      1%          3
d - Lee's Rapid Deconstr  Erth           32%        3d18*     1%          5
f - Starburst             Conj/Fire      42%        6d12      4%          6
i - Passwall              Tmut/Erth      36%        N/A       1%          2

Your spell library contained the following spells:

 Spells                   Type           Power      Damage    Failure   Level
 Foxfire                  Conj/Fire      100%       2x1d9     1%          1
 Magic Dart               Conj           100%       1d8       1%          1
 Searing Ray              Conj           100%       2d8       1%          2
 Conjure Flame            Conj/Fire      85%        6-21      1%          3
 Dazzling Flash           Conj/Hex       88%        N/A       1%          3
 Inner Flame              Hex/Fire       59%        N/A       1%          3
 Flame Wave               Conj/Fire      85%        2d18      1%          4
 Fulminant Prism          Conj/Hex       22%        3d13      3%          4
 Iskenderun's Mystic Bla  Conj/Tloc      44%        2d10      3%          4
 Petrify                  Tmut/Erth      44%        N/A       3%          4
 Sting                    Tmut/Pois      52%        1d5       4%          1
 Slow                     Hex            44%        N/A       5%          1
 Poisonous Vapours        Pois/Air       22%        N/A       9%          2
 Confusing Touch          Hex            11%        N/A       16%         3
 Ozocubu's Armour         Ice            11%        N/A       16%         3
 Vampiric Draining        Necr           11%        2d6       16%         3
 Cause Fear               Hex            5%         N/A       47%         4
 Olgreb's Toxic Radiance  Pois           11%        N/A       47%         4
 Statue Form              Tmut/Erth      29%        N/A       52%         6
 Metabolic Englaciation   Hex/Ice        5%         N/A       83%         5
 Ozocubu's Refrigeration  Ice            5%         4d8       100%        7
 Discord                  Hex            5%         N/A       100%        8
 Simulacrum               Ice/Necr       Unusable   N/A       N/A         6

Dungeon Overview and Level Annotations

Branches:
Dungeon (14/15)            Temple (1/1) D:5            Lair (5/5) D:8
  Swamp (0/4) Lair:2        Snake (0/4) Lair:2        Slime (0/5) Lair:4
    Orc (0/2) D:9          Vaults (0/5) D:14         Bailey (visited)
  IceCv (visited)

Altars:
Ashenzari
Cheibriados
Dithmenos
Fedhas
Gozag
Hepliaklqana
Kikubaaqudgha
Makhleb
Nemelex Xobeh
Okawaru
Qazlal
Ru
Sif Muna
Trog
Uskayaw
Vehumet
Wu Jian
Xom
Yredelemnul
Jiyva

Shops:
D:12 :!

Annotations:
D:6 dig
D:14 Azrael
Lair:3 3 runed translucent doors, raph's ghost, journeyman DEFE
Lair:5 2 transporters, rigao's ghost, journeyman DrBe


Innate Abilities, Weirdness & Mutations

You are completely covered in large bone plates. (SH +8)
Your demonic aura often causes spilled blood to erupt in flames.
You regenerate magic rapidly.
You have a tail ending in a sharp stinger.
[You are very clumsy. (Dex -4)]


Message History

The reaper hits you from afar with a +1 scythe of flaming.
* * * LOW HITPOINT WARNING * * *
Casting: Lee's Rapid Deconstruction (mildly dangerous; 1% risk of failure)
Confirm with . or Enter, or press ? or * to list all spells.
Aiming: Lee's Rapid Deconstruction (mildly dangerous; 1% risk of failure)
Press: ? - help, Dir - move target, f/p - reaper Fragment what (e.g. wall or brittle monster)?: a reaper, wielding a +1 scythe of flaming (almost dead)
An open translucent door, spattered with blood.
The stone door frame shatters!
The blast of rock fragments hits the reaper!
The reaper is almost dead.
You hear a roar! x2
The reaper hits you from afar with a +1 scythe of flaming!!
* * * LOW HITPOINT WARNING * * *
The reaper burns you.
* * * LOW HITPOINT WARNING * * *
Casting: Lee's Rapid Deconstruction (mildly dangerous; 1% risk of failure)
Confirm with . or Enter, or press ? or * to list all spells.
Aiming: Lee's Rapid Deconstruction (mildly dangerous; 1% risk of failure)
Press: ? - help, Dir - move target, f/p - reaper Fragment what (e.g. wall or brittle monster)?: a reaper, wielding a +1 scythe of flaming (almost dead)
An open translucent door, spattered with blood.
The stone door frame shatters!
The blast of rock fragments hits the reaper.
The reaper is almost dead.
You hear a roar!
You block the reaper's attack.
Casting: Lee's Rapid Deconstruction (mildly dangerous; 1% risk of failure)
Confirm with . or Enter, or press ? or * to list all spells.
Aiming: Lee's Rapid Deconstruction (mildly dangerous; 1% risk of failure)
Press: ? - help, Dir - move target, f/p - reaper Fragment what (e.g. wall or brittle monster)?: a reaper, wielding a +1 scythe of flaming (almost dead)
An open translucent door, spattered with blood.
The stone door frame shatters!
The blast of rock fragments hits the reaper but does no damage.
The reaper is almost dead.
You hear a roar! x2
The reaper hits you from afar with a +1 scythe of flaming!!
You die...
Your body crumbles into a pile of gold.

#####
#...###
#. ##
#.#○2.#
.. .
#.@°##..#
######
#.#. .
### # # .
.#


You could see a reaper.

Vanquished Creatures
  A lich (Abyss:2)
  A tentacled starspawn (Abyss:2)
  Kirke (D:14)
  The ghost of Glaciallarry the Fighter, a journeyman DrCj of Gozag (D:11)
  2 great orbs of eyes (Abyss:2)
  8 vault guards
  5 hydras
  4 boulder beetles
  4 centaur warriors
  2 two-headed ogres
  Erica (D:8)
  5 catoblepae
  13 death yaks
  A tengu warrior (D:13)
  A thrashing horror (Abyss:2)
  A glowing orange brain (Abyss:2)
  A phantasmal warrior (Abyss:2)
  A wizard (D:14)
  A harpy (shapeshifter) (D:14)
  A deep elf pyromancer (D:8)
  An ugly thing (D:13)
  3 manticores
  A salamander (shapeshifter) (D:14)
  A cyclops (D:13)
  14 elephants
  8 black mambas
  2 unseen horrors
  2 gargoyles
  8 cane toads
  2 ice statues (IceCv)
  Psyche (D:8)
  3 kobold demonologists (D:12)
  Maggie (D:6)
  7 komodo dragons
  2 tengu conjurers (D:13)
  2 efreet
  5 rime drakes
  A hornet (D:7)
  A polar bear (Lair:5)
  3 trolls
  Prince Ribbit (D:8)
  12 blink frogs
  5 slime creatures (D:12)
  5 dream sheep (Lair:4)
  A flying skull (Abyss:2)
  A jumping spider (D:11)
  2 small abominations (Abyss:2)
  A water elemental (D:13)
  2 vampires
  A spriggan (Lair:1)
  56 yaks
  A culicivora (shapeshifter) (D:12)
  A human (D:14)
  5 fire elementals (D:14)
  A large abomination (Abyss:2)
  A basilisk (D:14)
  2 hogs (D:14)
  Grum (D:8)
  3 wyverns
  6 vampire mosquitoes
  2 steam dragons
  An acid dragon (D:11)
  3 nagas (Lair:2)
  Menkaure (D:6)
  3 hell hounds (D:14)
  A swamp worm (Lair:2)
  9 water moccasins
  Duvessa (D:6)
  3 sky beasts (D:7)
  3 ice beasts
  6 orc warriors
  An ogre (D:4)
  15 centaurs
  28 wolves
  3 boggarts (D:14)
  2 phantoms
  10 kobold brigands
  7 bullfrogs
  4 scorpions
  8 wights
  Dowan (D:6)
  16 killer bees
  A lindwurm simulacrum (IceCv)
  An electric eel (Lair:4)
  6 howler monkeys
  2 hounds
  2 jellies
  7 komodo dragon simulacra (IceCv)
  Crazy Yiuf (D:2)
  7 orc priests
  A gnoll bouda (D:4)
  An iron imp (Abyss:2)
  Jessica (D:2)
  3 iguanas
  Terence (D:2)
  8 orc wizards
  Robin (D:3)
  14 gnolls
  5 acid dragon simulacra (IceCv)
  4 adders
  2 shadow imps
  2 white imps
  2 ufetubi
  7 steam dragon simulacra (IceCv)
  4 worms
  A dart slug (D:2)
  27 orcs
  6 bats
  2 endoplasms
  2 giant cockroaches
  20 goblins
  11 hobgoblins
  11 jackals
  26 kobolds
  4 quokkas
  8 ball pythons
  4 frilled lizards
  A rat (D:1)
565 creatures vanquished.

Vanquished Creatures (collateral kills)
  A rime drake (IceCv)
  An acid dragon simulacrum (IceCv)
2 creatures vanquished.

Vanquished Creatures (others)
  An ice dragon (IceCv)
  A flying skull (Abyss:2)
  A black mamba skeleton (Abyss:2)
  3 small abominations (Abyss:2)
  A bush (Lair:5)
  26 fungi
  93 plants
126 creatures vanquished.

Grand Total: 693 creatures vanquished

Notes
Turn   | Place    | Note
-------+----------+-------------------------------------------
     0 | D:1      | melvinkitnick the Demonspawn Earth Elementalist began the
                  | quest for the Orb.
     0 | D:1      | Reached XP level 1. HP: 13/13 MP: 3/3
    46 | D:1      | Found a faded altar of an unknown god.
   319 | D:1      | Gained mutation: You are partially covered in large bone
                  | plates. (SH +4) [demonic ancestry]
   319 | D:1      | Reached XP level 2. HP: 19/19 MP: 3/5
   574 | D:1      | Reached XP level 3. HP: 18/24 MP: 1/6
   578 | D:1      | Learned a level 3 spell: Stone Arrow
  1713 | D:2      | Gained mutation: Your demonic aura sometimes causes spilled
                  | blood to erupt in flames. [demonic ancestry]
  1713 | D:2      | Reached XP level 4. HP: 30/30 MP: 4/8
  1835 | D:2      | Noticed Jessica
  1844 | D:2      | Killed Jessica
  2109 | D:2      | Gained mutation: You have a small tail. [demonic ancestry]
  2109 | D:2      | Reached XP level 5. HP: 35/35 MP: 4/9
  2215 | D:2      | Noticed Terence
  2226 | D:2      | Killed Terence
  2501 | D:2      | Found a runed translucent door.
  2502 | D:2      | Noticed Crazy Yiuf
  2852 | D:3      | Noticed Robin
  2856 | D:3      | Killed Robin
  2858 | D:3      | Reached skill level 5 in Earth Magic
  3352 | D:4      | Reached XP level 6. HP: 33/41 MP: 6/11
  3710 | D:4      | Identified a scroll of acquirement
  3710 | D:4      | Acquired a +1 helmet of intelligence
  4062 | D:4      | Found a shimmering altar of Xom.
  4064 | D:4      | Found a broken altar of Ashenzari.
  4064 | D:4      | Found a burning altar of Makhleb.
  4066 | D:4      | Found a burning altar of Makhleb.
  4066 | D:4      | Found a broken altar of Ashenzari.
  4066 | D:4      | Found a broken altar of Ashenzari.
  4177 | D:5      | Entered Level 5 of the Dungeon
  4188 | D:4      | Reached skill level 1 in Conjurations
  4249 | D:4      | Reached skill level 1 in Fighting
  4249 | D:4      | Gained mutation: You are mostly covered in large bone
                  | plates. (SH +6) [demonic ancestry]
  4249 | D:4      | Reached XP level 7. HP: 38/48 MP: 7/13
  4568 | D:5      | Found a staircase to the Ecumenical Temple.
  4577 | Temple   | Entered the Ecumenical Temple
  4589 | Temple   | Became a worshipper of Gozag Ym Sagoz the Greedy
  4935 | D:5      | Reached XP level 8. HP: 60/60 MP: 2/14
  5018 | D:5      | Learned a level 2 spell: Passwall
  5503 | D:6      | Noticed Menkaure
  5507 | D:6      | Killed Menkaure
  5508 | D:6      | Reached skill level 5 in Fighting
  5589 | D:6      | Noticed Dowan
  5593 | D:6      | Noticed Duvessa
  5603 | D:6      | Killed Duvessa
  5688 | D:6      | Killed Dowan
  5778 | D:6      | Noticed Maggie
  6779 | D:2      | Killed Crazy Yiuf
  6975 | D:7      | Noticed a hornet
  6982 | D:7      | Reached XP level 9. HP: 65/69 MP: 2/15
  7033 | D:7      | Found a flagged portal.
  7039 | Bailey   | Entered a bailey
  7735 | Bailey   | Found a bloodstained altar of Trog.
  8169 | D:7      | Reached skill level 10 in Earth Magic
  8297 | D:7      | Found an iron altar of Okawaru.
  8895 | D:7      | Reached XP level 10. HP: 69/79 MP: 2/16
  9088 | D:8      | Noticed Psyche
  9228 | D:8      | Killed Psyche
  9231 | D:8      | Noticed Erica
  9292 | D:8      | Killed Erica
  9588 | D:8      | Found a staircase to the Lair.
  9925 | D:8      | Noticed Prince Ribbit
  9931 | D:8      | Killed Prince Ribbit
 10033 | D:8      | Noticed Grum
 10044 | D:8      | Killed Grum
 10550 | D:8      | Noticed a deep elf pyromancer
 10554 | D:8      | Killed a deep elf pyromancer
 10555 | D:8      | Reached skill level 1 in Evocations
 10699 | D:9      | Noticed a gargoyle
 11067 | D:9      | Found a sacrificial altar of Ru.
 11248 | D:9      | Reached skill level 5 in Conjurations
 11346 | D:9      | Gained mutation: Your demonic aura often causes spilled
                  | blood to erupt in flames. [demonic ancestry]
 11346 | D:9      | Reached XP level 11. HP: 49/86 MP: 1/17
 11849 | D:9      | Found a staircase to the Orcish Mines.
 12250 | D:10     | Entered Level 10 of the Dungeon
 13109 | Lair:1   | Entered Level 1 of the Lair of Beasts
 13288 | Lair:1   | Found a frozen archway.
 13302 | IceCv    | Entered an ice cave
 13584 | IceCv    | Reached skill level 5 in Spellcasting
 14182 | IceCv    | Noticed an ice dragon
 14599 | Lair:1   | Noticed a death yak
 14616 | Lair:1   | Killed a death yak
 14909 | Lair:1   | Found a shimmering altar of Xom.
 15217 | Lair:2   | Found a staircase to the Snake Pit.
 15242 | Lair:2   | Noticed a four-headed hydra
 15246 | Lair:2   | Killed a four-headed hydra
 15303 | Lair:2   | Gained mutation: You regenerate magic rapidly. [demonic
                  | ancestry]
 15303 | Lair:2   | Reached XP level 12. HP: 96/96 MP: 10/21
 15522 | Lair:2   | Reached skill level 1 in Fire Magic
 15747 | Lair:2   | Noticed an eight-headed hydra
 15752 | Lair:2   | Killed an eight-headed hydra
 15808 | Lair:2   | Reached skill level 10 in Fighting
 15913 | Lair:2   | Noticed an eight-headed hydra
 15917 | Lair:2   | Killed an eight-headed hydra
 16014 | Lair:2   | Found a staircase to the Swamp.
 16316 | Lair:3   | Learned a level 5 spell: Lee's Rapid Deconstruction
 16536 | Lair:3   | Found a runed translucent gate.
 16536 | Lair:3   | Found a runed translucent gate.
 16536 | Lair:3   | Found a runed translucent gate.
 16537 | Lair:3   | Noticed raph's ghost (journeyman DEFE)
 16621 | Lair:3   | Reached skill level 5 in Fire Magic
 17295 | Lair:4   | Found a staircase to the Slime Pits.
 17295 | Lair:4   | Found a viscous altar of Jiyva.
 17440 | Lair:4   | Gained mutation: You are completely covered in large bone
                  | plates. (SH +8) [demonic ancestry]
 17440 | Lair:4   | Reached XP level 13. HP: 106/106 MP: 18/24
 18652 | Lair:5   | Entered Level 5 of the Lair of Beasts
 19175 | Lair:5   | Learned a level 6 spell: Starburst
 19434 | Lair:5   | Reached skill level 10 in Fire Magic
 19509 | Lair:5   | Found a transporter.
 19577 | Lair:5   | Found a transporter.
 19699 | Lair:5   | Noticed rigao's ghost (journeyman DrBe)
 20012 | Lair:5   | Reached XP level 14. HP: 115/115 MP: 1/26
 20720 | D:6      | Killed Maggie
 21159 | D:11     | Noticed Sonja
 21160 | D:11     | Noticed Sonja
 21160 | D:11     | Sonja changed into Sonja the jumping spider
 21163 | D:11     | Killed Sonja the jumping spider
 21203 | D:11     | Found a sacrificial altar of Ru.
 21288 | D:11     | Identified the +9 war axe of Entrepreneurial Spirit
                  | {freeze, rElec rN+ Dex+4}
 21568 | D:11     | Found a large runed translucent door.
 21568 | D:11     | Found a large runed translucent door.
 21572 | D:11     | Noticed Glaciallarry's ghost (journeyman DrCj)
 21726 | D:11     | Killed Glaciallarry's ghost
 21817 | D:12     | Reached skill level 10 in Conjurations
 22049 | D:12     | Found Hohekice's Book Shoppe.
 22129 | D:12     | Found Rehasaveaj's Distillery.
 22630 | D:12     | Found a stormy altar of Qazlal.
 24053 | D:14     | Noticed Kirke
 24061 | D:14     | Killed Kirke
 24071 | Abyss:2  | Cast into level 2 of the Abyss (a wizard)
 24119 | Abyss:2  | Noticed a white draconian stormcaller
 24780 | Abyss:2  | Paralysed by a great orb of eyes for 3 turns
 24788 | Abyss:2  | Paralysed by a great orb of eyes for 2 turns
 24978 | Abyss:2  | Noticed a bone dragon
 24981 | Abyss:2  | Noticed a tentacled starspawn
 24988 | Abyss:2  | Killed a tentacled starspawn
 24991 | Abyss:2  | Noticed a hellephant
 25041 | Abyss:2  | Noticed a revenant
 25064 | D:14     | Escaped the Abyss
 25424 | D:14     | Gained mutation: You have a tail ending in a sharp stinger.
                  | [demonic ancestry]
 25424 | D:14     | Reached XP level 15. HP: 118/121 MP: 4/27
 26280 | D:14     | Reached skill level 5 in Evocations
 26415 | D:14     | Noticed Azrael
 26963 | D:14     | Reached skill level 5 in Dodging
 27089 | D:14     | Found a gate to the Vaults.
 27146 | Abyss:2  | Cast into level 2 of the Abyss (a wizard)
 27159 | Abyss:2  | Found a corrupted altar of Lugonu.
 27159 | Abyss:2  | Noticed a bone dragon
 27172 | Abyss:2  | Noticed a lich
 27192 | Abyss:2  | Killed a lich
 27345 | Abyss:2  | Demolished by a reaper

Illustrated notes

Levels and vault maps discovered:
D:1:      dpeg_arrival_rhombi, layout_loops_cross,
          hellmonk_ecumenical_altar_zigzags, serial_park_tiny_pond
D:2:      layout_basic, uniq_crazy_yiuf_cottage, uniq_terence, uniq_jessica
D:3:      layout_basic, uniq_robin
D:4:      layout_basic, doesnt_xom_only_xom
D:5:      layout_cave_pools, minmay_temple_entry_mini_moons
D:6:      layout_layer_cave, serial_glass, glass_columns_b, glass_columns_a,
          minmay_strange_pillars, minmay_strange_pillars,
          minmay_strange_pillars, due_unseen_surprise,
          hangedman_abyss_or_decor_slice, uniq_menkaure, uniq_maggie,
          uniq_duvessa
D:7:      layout_layer_cave, nicolae_overflow_squiral, enter_bailey_3
D:8:      layout_layer_cave, dpeg_oklobed_lair, guppyfry_early_elven_hall,
          uniq_psyche, uniq_erica, uniq_prince_ribbit1, uniq_grum
D:9:      layout_layer_cave, mainiacjoe_overflow_alcove_1, orc_0_dummy,
          kennysheep_cross_room, st_stairs_4
D:10:     layout_loops_ring
D:11:     layout_loops_ring, ebering_ghost_disaster_area,
          nicolae_ru_great_annihilating_truth, uniq_sonja
D:12:     layout_gridville, serial_shops, kennysheep_little_box,
          nicolae_shop_trees, nicolae_qazlal_eye_of_the_storm
D:13:     layout_small_grid, serial_bayou_lagoon_a
D:14:     hangedman_cross_veins, layout_basic, erik_vaults_2,
          chequers_serial_rivers_small_a, uniq_kirke, uniq_azrael
Temple:   hc_temple_tempest_star
Lair:1:   layout_cave_pods, portal_ice_cave_entry_pillars_1, basic_altar,
          grunt_forest_large_clearing_hut
Lair:2:   layout_chaotic_city, palyth_hydra_swamp_entry,
          minmay_snake_entry_guardpost_small
Lair:3:   layout_regular_city, ebering_ghost_rock_garden
Lair:4:   layout_cave_pods, slime_entry_1, serial_bayou_pond_c
Lair:5:   evilmike_catoblepas_cave, layout_gridlike,
          gammafunk_ghost_berserking_beasts, nicolae_quartered_pool_impasse
Abyss:2:  base: Lair:1, base: D:2, abyss_fake_exit,
          hangedman_classic_abyss_death, hangedman_shadowy_showcase

Skill      XL: |  1  2  3  4  5  6  7  8  9 10 11 12 13 14 15 |
---------------+----------------------------------------------+-----
Earth Magic    | 3 4 5 6 8 10 12 | 12.0
Spellcasting   | 3 4 6 7 8 |  8.5
Conjurations   | 1 4 5 8 12 | 12.9
Fighting       | 1 4 5 7 8 9 11 12 | 12.4
Dodging        | 2 4 5 |  5.1
Evocations     | 2 4 5 |  5.2
Fire Magic     | 6 11 12 | 12.0
Stealth        | |  1.7
Transmutations | |  0.8

Action                   |  1- 3 |  4- 6 |  7- 9 | 10-12 | 13-15 || total
-------------------------+-------+-------+-------+-------+-------++-------
Melee: Short sword       |     2 |     9 |       |       |       ||    11
       Punch             |     1 |       |       |       |       ||     1
       Dagger            |       |       |     2 |    10 |       ||    12
       Tailslap          |       |       |       |     2 |       ||     2
       Sling             |       |       |       |     1 |       ||     1
 Fire: Sling             |       |    27 |    16 |   199 |   140 ||   382
Throw: Dart              |       |       |     5 |       |     5 ||    10
 Cast: Sandblast         |    66 |   111 |    53 |    94 |     3 ||   327
       Stone Arrow       |       |       |    66 |   215 |   274 ||   555
       Passwall          |       |       |       |     2 |     6 ||     8
       Lee's Rapid Decon |       |       |       |       |   138 ||   138
       Starburst         |       |       |       |       |    19 ||    19
Invok: Potion Petition   |       |       |       |     1 |     3 ||     4
Evoke: Wand              |       |       |     5 |     2 |     4 ||    11
       Phantom mirror    |       |       |       |     1 |       ||     1
       Lightning rod     |       |       |       |       |     1 ||     1
  Use: Scroll            |     3 |     5 |     4 |    10 |    12 ||    34
       Potion            |       |       |       |       |     5 ||     5
Armor: Robe              |     5 |    13 |    14 |    85 |    84 ||   201
       Skin              |       |       |       |    14 |       ||    14
Dodge: Dodged            |    10 |    49 |    64 |   155 |   122 ||   400
Block: Other             |     2 |    14 |    25 |    40 |    67 ||   148
